 Dungeon Crawl Stone Soup version 0.19-a0-1889-g9c603be (webtiles) character file.

1950 Goblin1989 the Slicer (level 8, -1/54 HPs)
             Began as a Vampire Assassin on Oct 17, 2016.
             Was a Priest of Hepliaklqana.
             Slain by an orc warrior
             ... wielding a +0 flail
              (22 damage)
             ... on level 8 of the Dungeon.
             The game lasted 00:22:53 (5726 turns).

Goblin1989 the Slicer (Vampire Assassin)            Turns: 5726, Time: 00:22:54

Health: -1/54      AC:  9    Str: 16    XL:     8   Next: 99%
Magic:  8/8        EV: 14    Int: 13    God:    Hepliaklqana [***...]
Gold:   304        SH: 11    Dex: 17    Spells: 1 memorised, 4 levels left

rFire  . . .     SeeInvis +     a - +3 dagger
rCold  . . .     Gourm    .     c - +0 robe
rNeg   . . .     Faith    .     j - +0 buckler
rPois  .         Spirit   .     (no helmet)
rElec  .         Reflect  +     d - +0 cloak
rCorr  .         Harm     .     p - +0 pair of gloves
MR     .....                    (no boots)
Stlth  ++++......               G - +6 amulet of reflection
                                H - +5 ring of strength
                                b - +5 ring of protection

@: regenerating quickly
A: reduced essence, fangs 3, see invisible, mutation resistance 1, unbreathing
a: Recall Ancestor, Ancestor Identity, Transference, Renounce Religion


You were on level 8 of the Dungeon.
You worshipped Hepliaklqana.
Hepliaklqana was most pleased with you.
You were full.

You visited 2 branches of the dungeon, and saw 9 of its levels.

You collected 304 gold pieces.

Inventory:

Hand Weapons
 a - a +3 dagger (weapon)
 s - the +7 mace of Collagguh {venom, rPois rC+ Dex+2}
   (You found it on level 5 of the Dungeon)

   It poisons the flesh of those it strikes.
   It affects your dexterity (+2).
   It protects you from cold.
   It protects you from poison.
 w - a +0 blowgun {@w1}
Missiles
 e - 24 poisoned needles
 f - 2 curare-tipped needles
Armour
 c - a +0 robe (worn)
 d - a +0 cloak (worn)
 i - the +1 plate armour of the Secret Lies {rElec rN+ MR+}
   (You found it on level 6 of the Dungeon)

   It insulates you from electricity.
   It protects you from negative energy.
   It affects your resistance to hostile enchantments.
 j - a +0 buckler (worn)
 p - a +0 pair of gloves (worn)
Jewellery
 b - a +5 ring of protection (left hand)
 g - an uncursed ring of resist corrosion
 m - an uncursed ring of protection from magic
 D - an uncursed ring of wizardry
 G - a +6 amulet of reflection (around neck)
 H - a +5 ring of strength (right hand)
Wands
 y - a wand of slowing (3/48)
 I - a wand of iceblast (12/15)
 L - a wand of lightning (4/15)
Scrolls
 k - a scroll of remove curse {@r2}
 l - a scroll of magic mapping {unknown}
 r - a scroll of noise {unknown}
 v - a scroll of immolation {unknown}
 A - a scroll of recharging {unknown}
 B - a scroll of fog {unknown}
 C - 3 scrolls of teleportation {unknown}
 E - 3 scrolls of fear {unknown}
Potions
 h - 6 potions of curing {@q1}
 o - 3 potions of brilliance
 t - 3 potions of heal wounds {!q, @q2}
 u - a potion of mutation {unknown}
 x - a potion of might
 z - a potion of agility {unknown}
 J - a potion of haste {unknown}
Books
 F - a book of Necromancy

   Spells                             Type                      Level
   a - Pain                           Necromancy                   1
   b - Animate Skeleton               Necromancy                   1
   c - Vampiric Draining              Necromancy                   3
   d - Regeneration                   Charms/Necromancy            3
   e - Animate Dead                   Necromancy                   4
   f - Control Undead                 Necromancy                   4


   Skills:
 + Level 4.5 Fighting
 * Level 9.8 Short Blades
 - Level 1.5 Throwing
 + Level 3.5 Dodging
 - Level 7.4 Stealth
 + Level 3.8 Shields


You had 4 spell levels left.
You knew the following spells:

 Your Spells              Type           Power        Failure   Level  Hunger
R - Regeneration          Chrm/Necr      #.........   86%         3    ####...


Dungeon Overview and Level Annotations

Branches:
Dungeon (8/15)             Temple (1/1) D:4            Lair (0/6) D:8

Altars:
Ashenzari
Cheibriados
Dithmenos
Elyvilon
Fedhas
Gozag
Hepliaklqana
Kikubaaqudgha
Makhleb
Nemelex Xobeh
Okawaru
Qazlal
Ru
Sif Muna
Trog
Uskayaw
Vehumet
Xom
Yredelemnul
Zin
The Shining One

Shops:
D:7 [

Annotations:
D:8 kroki's ghost, novice MiBe


Innate Abilities, Weirdness & Mutations

Your natural rate of healing is unusually fast.
You have razor-sharp teeth.
You have supernaturally acute eyesight. (SInv)
You can survive without breathing.
Your life essence is reduced. (-10% HP)
You are somewhat resistant to further mutation.


Message History

You are too injured to fight recklessly!
You are too injured to fight recklessly!
You are too injured to fight recklessly!
You are too injured to fight recklessly!
You are too injured to fight recklessly!
You are too injured to fight recklessly!
You are too injured to fight recklessly!
You are too injured to fight recklessly!
You are too injured to fight recklessly!
You are too injured to fight recklessly!
You hit the orc warrior but do no damage.
The orc warrior is heavily wounded.
You barely miss the orc warrior.
The orc warrior is heavily wounded.
You hit the orc warrior but do no damage.
You bite the orc warrior, but do no damage.
The orc warrior is heavily wounded.
Tepiltzin closely misses the orc warrior.
The orc warrior hits you with a flail!!
You die...

██.█ █....██.█ █..█
█.██R██.█ ..██
█[██.██.█ .██
█....(..█ █.██
████.███████ ██.██
█.......█
██.██████.......█
██.█.......█████.███
█.█.██████.█....@R.█
.█..█ █.█..█.o█.█
..█.█ █.█.........
..█.█ █.......█.███
..█.█ █.█..██.█.█
....█ .██.. ... █
..███ ███ █.█ ..█
... ..█████


You could see the friendly Tepiltzin the knight and an orc warrior.

Vanquished Creatures
  The ghost of Goblin1989 the Cutter, an amateur KoAs (D:4)
  Grum (D:8)
  The ghost of dvd the Stinger, an amateur OpVM of Vehumet (D:5)
  A sky beast (D:8)
  An ogre (D:4)
  3 centaurs
  3 wolves (D:8)
  A big kobold (D:7)
  3 wights (D:7)
  A howler monkey (D:6)
  2 crimson imps
  2 centaur skeletons
  A jelly (D:6)
  2 iguanas
  4 worker ants
  6 adders
  A shadow imp (D:7)
  An adder zombie (D:7)
  2 adder skeletons (D:7)
  2 worms
  A leopard gecko (D:1)
  13 orcs
  A ball python (D:1)
  5 giant cockroaches
  4 goblins
  4 hobgoblins
  9 jackals
  5 quokkas
  2 bats
  2 frilled lizards (D:1)
  2 goblin skeletons (D:5)
  A goblin zombie (D:5)
  2 hobgoblin zombies (D:5)
  4 kobolds
  A leopard gecko skeleton (D:4)
  An orc zombie (D:5)
  A quokka skeleton (D:4)
  2 rats (D:1)
99 creatures vanquished.

Vanquished Creatures (collateral kills)
  A scorpion (D:5)
  A crimson imp (D:6)
  A hound (D:6)
  A jelly (D:7)
  2 adders
  A white imp (D:5)
  3 orcs
  A jackal (D:7)
  A goblin skeleton (D:5)
  A hobgoblin zombie (D:5)
  A kobold (D:7)
14 creatures vanquished.

Vanquished Creatures (others)
  A knight (D:8)
  A quokka (D:2)
2 creatures vanquished.

Grand Total: 115 creatures vanquished

Notes
Turn   | Place    | Note
-------+----------+-------------------------------------------
     0 | D:1      | Goblin1989 the Vampire Assassin began the quest for the Orb.
     0 | D:1      | Reached XP level 1. HP: 16/16 MP: 1/1
   393 | D:1      | Reached skill level 3 in Short Blades
   393 | D:1      | Reached XP level 2. HP: 22/22 MP: 2/2
   576 | D:2      | Found a white marble altar of Elyvilon.
   800 | D:3      | Found a snail-covered altar of Cheibriados.
   832 | D:3      | Reached XP level 3. HP: 22/27 MP: 3/3
   835 | D:3      | Found a blossoming altar of Fedhas.
   839 | D:3      | Found a hide-covered altar of Uskayaw.
   850 | D:3      | Reached skill level 4 in Short Blades
  1285 | D:3      | Reached XP level 4. HP: 33/33 MP: 4/4
  1490 | D:4      | Found a staircase to the Ecumenical Temple.
  1493 | Temple   | Entered the Ecumenical Temple
  1575 | D:4      | Noticed Goblin1989's ghost (amateur KoAs)
  1598 | D:3      | Reached skill level 5 in Short Blades
  1687 | D:4      | Killed Goblin1989's ghost
  1687 | D:4      | Reached skill level 6 in Short Blades
  1687 | D:4      | Reached XP level 5. HP: 34/38 MP: 5/5
  1794 | D:4      | Found a hazy altar of Hepliaklqana.
  1802 | D:4      | Became a worshipper of Hepliaklqana the Forgotten
  1863 | D:4      | Reached XP level 6. HP: 16/39 MP: 6/6
  2028 | D:4      | Reached skill level 7 in Short Blades
  2094 | D:4      | Found a shadowy altar of Dithmenos.
  2243 | D:4      | Found an iron altar of Okawaru.
  2244 | D:4      | Reached skill level 1 in Shields
  2266 | D:4      | Got a warped falchion
  2268 | D:4      | Identified the +8 falchion of Hiokleuj {speed, Stlth+} (You found it on level 4 of the Dungeon)
  2549 | D:5      | Entered Level 5 of the Dungeon
  2559 | D:5      | Found a glowing golden altar of the Shining One.
  2581 | D:5      | Got a faintly glowing mace
  2582 | D:5      | Identified the +7 mace of Collagguh {venom, rPois rC+ Dex+2} (You found it on level 5 of the Dungeon)
  2618 | D:5      | Reached * piety under Hepliaklqana
  2721 | D:5      | Noticed dvd's ghost (amateur OpVM)
  2739 | D:5      | Killed dvd's ghost
  2739 | D:5      | Reached XP level 7. HP: 38/45 MP: 7/7
  3188 | D:6      | Reached ** piety under Hepliaklqana
  3189 | D:6      | Remembered your ancestor Tepiltzin as a knight
  3334 | D:6      | Reached skill level 8 in Short Blades
  3341 | D:6      | Gained mutation: You are somewhat resistant to further mutation. [potion of beneficial mutation]
  3412 | D:6      | Got a steaming plate armour
  3425 | D:6      | Identified the +1 plate armour of the Secret Lies {rElec rN+ MR+} (You found it on level 6 of the Dungeon)
  3455 | D:6      | Found a radiant altar of Vehumet.
  3561 | D:6      | Learned a level 3 spell: Regeneration
  3832 | D:7      | Reached XP level 8. HP: 52/52 MP: 8/8
  3925 | D:7      | You fall through a shaft!
  3934 | D:8      | Noticed Grum
  3941 | D:8      | Reached skill level 9 in Short Blades
  4011 | D:8      | Killed Grum
  4220 | D:8      | Found a staircase to the Lair.
  4333 | D:8      | Noticed kroki's ghost (novice MiBe)
  4478 | D:7      | Found Gautuq's Armour Shop.
  4518 | D:7      | Reached *** piety under Hepliaklqana
  5726 | D:8      | Slain by an orc warrior

Vault maps used:
D:1:      lemuel_arrival_cross
D:2:      elyvilon_altar_4
D:3:      nicolae_overflow_hidden_temple, cheibriados_altar_1
D:4:      okawaru_ov_weapons_minmay, lemuel_coloured_pillars_altar,
          kennysheep_mini, first_bread
D:5:      nicolae_tso_besieged_by_evil
D:6:      nicolae_overflow_crystal_walls, st_stairs_5
D:7:      serial_shops, nicolae_shop_trees, minmay_misc_feat_room,
          hangedman_decor_push
D:8:      lair_0_dummy, grunt_pizzeria, uniq_erica, uniq_grum
Temple:   zaba_magenta_temple

Skill      XL: |  1  2  3  4  5  6  7  8 |
---------------+-------------------------+-----
Short Blades   | 3 4 6 7 8 9 |  9.8
Fighting       | 2 3 4 |  4.5
Stealth        | 6 7 |  7.4
Shields        | 1 2 3 |  3.8
Dodging        | 3 |  3.5
Throwing       | |  1.5

Action                   |  1- 3 |  4- 6 |  7- 9 || total
-------------------------+-------+-------+-------++-------
Melee: Dagger            |   128 |   122 |   277 ||   527
       Bite              |    12 |    17 |    26 ||    55
Invok: Ancestor Life: Kn |       |       |     1 ||     1
       Recall Ancestor   |       |       |     2 ||     2
  Use: Potion            |    12 |     4 |    14 ||    30
       Scroll            |     7 |       |     2 ||     9
 Stab: Sleeping          |     7 |     6 |    11 ||    24
       Distracted        |       |     2 |     1 ||     3
Armor: Robe              |    48 |    35 |    38 ||   121
Dodge: Dodged            |    72 |    26 |    52 ||   150
Block: Buckler           |    13 |    13 |    76 ||   102

Vault maps used:
D:1:      lemuel_arrival_cross
D:2:      elyvilon_altar_4
D:3:      nicolae_overflow_hidden_temple, cheibriados_altar_1
D:4:      okawaru_ov_weapons_minmay, lemuel_coloured_pillars_altar,
          kennysheep_mini, first_bread
D:5:      nicolae_tso_besieged_by_evil
D:6:      nicolae_overflow_crystal_walls, st_stairs_5
D:7:      serial_shops, nicolae_shop_trees, minmay_misc_feat_room,
          hangedman_decor_push
D:8:      lair_0_dummy, grunt_pizzeria, uniq_erica, uniq_grum
Temple:   zaba_magenta_temple
